 Dungeon Crawl Stone Soup version 0.30.1-9-gdf580d7c3d (webtiles) character file.

Game seed: 3410137661244469931

485 Chiseanne the Trooper (level 6, -2/48 HPs)
             Began as a Demonspawn Wanderer on Oct 3, 2023.
             Slain by an ogre
             ... wielding a +0 giant spiked club
              (17 damage)
             ... on level 5 of the Dungeon.
             The game lasted 00:12:09 (3630 turns).

Chiseanne the Trooper (Demonspawn Wanderer)         Turns: 3630, Time: 00:12:10

Health: -2/48      AC:  6    Str: 10    XL:     6   Next: 88%
Magic:  11/11      EV: 11    Int: 21    God:
Gold:   166        SH:  4    Dex: 18    Spells: 10/11 levels left

rFire   . . .        a - +5 falchion
rCold   . . .        (no shield)
rNeg    + . .        e - +0 ring mail
rPois   .            (helmet restricted)
rElec   .            p - scarf {+Inv}
rCorr   .            (no gloves)
SInv    .            f - +0 pair of boots "Ufrouz" {rN+ Dex+3}
Will    .....        (no amulet)
Stlth   +            (no ring)
HPRegen 0.28/turn    (no ring)
MPRegen 0.24/turn

%: no passive effects
@: no status effects
A: horns 1, magic regeneration, big brain 2, condensation shield, agile 1, wild
magic 1, evolution 1
a: Evoke Invisibility


You were on level 5 of the Dungeon.
You visited 1 branch of the dungeon, and saw 5 of its levels.

You collected 166 gold pieces.

Inventory:

Hand Weapons
 a - a +5 falchion (weapon)
 r - a +2 short sword of draining
 t - a +2 dagger of holy wrath
 u - the +2 hand axe of Efacuamu {flame, rF+ Int-3 Dex+5}
   (You took it off an orc on level 4 of the Dungeon)

   Int:       It affects your intelligence (-3).
   Dex:       It affects your dexterity (+5).
   rF:        It protects you from fire.
 w - a +0 sling
Missiles
 c - 42 stones
 g - 3 boomerangs
Armour
 e - a +0 ring mail (worn)
 f - the +0 pair of boots "Ufrouz" (worn) {rN+ Dex+3}
   (You acquired it on level 3 of the Dungeon)

   Dex:       It affects your dexterity (+3).
   rN:        It protects you from negative energy.
 p - a scarf of invisibility (worn)
Jewellery
 n - an amulet of faith
Wands
 d - a wand of light (10)
Scrolls
 b - 2 scrolls of blinking
 o - 2 scrolls of teleportation
 s - 3 scrolls of magic mapping
Potions
 h - a potion of haste
 i - a potion of heal wounds {unknown}
 j - a potion of curing {unknown}
 k - a potion of might {unknown}
 l - a potion of cancellation {unknown}
 m - a potion of attraction {unknown}
 q - 2 potions of brilliance {unknown}


   Skills:
 * Level 4.2 Fighting
 - Level 3.6 Long Blades
 * Level 3.1 Armour
 - Level 2.1 Dodging
 * Level 3.3 Spellcasting
 - Level 1.0 Hexes
 * Level 2.4 Ice Magic


You had 10 spell levels left.
You knew the following spells:

 Your Spells              Type           Power      Damage    Failure   Level
a - Freeze                Ice            72%        1d8       17%         1

Your spell library contained the following spells:

 Spells                   Type           Power      Damage    Failure   Level
 Slow                     Hex            40%        N/A       28%         1
 Frozen Ramparts          Ice            36%        1d6       43%         3
 Hailstorm                Conj/Ice       11%        3d5       58%         3
 Inner Flame              Hex/Fire       7%         N/A       67%         3
 Stone Arrow              Conj/Erth      8%         3d7       75%         3
 Animate Armour           Summ/Erth      8%         N/A       98%         4
 Lehudib's Crystal Spear  Conj/Erth      2%         10d2      100%        8


Dungeon Overview and Level Annotations

Branches:
Dungeon (5/15)
 Temple: D:4-7

Altars:
Nemelex Xobeh

Shops:
D:2 *   D:3 *


Innate Abilities, Weirdness & Mutations

You have a pair of small horns on your head.
You regenerate magic rapidly.
You have an extremely huge brain. (Int +4)
A meltable shield of frost defends you. (SH +4)
You are agile. (Dex +4, Str/Int -1)
Your spells are a little harder to cast, but a little more powerful.
You have hidden genetic potential.


Message History

Okay, then.
A scorpion comes into view.
You hit the scorpion but do no damage.
You headbutt the scorpion, but do no damage.
The scorpion stings you.
You are poisoned.
The scorpion poisons you!
You slash the scorpion!
The scorpion is heavily wounded.
You feel very sick. The scorpion stings you. The scorpion closely misses you.
You slash the scorpion!
The scorpion is almost dead.
You feel sick. The scorpion closely misses you.
You hit the scorpion but do no damage.
You headbutt the scorpion, but do no damage.
The scorpion is almost dead.
You feel sick. The scorpion barely misses you.
You hit the scorpion.
You kill the scorpion!
You feel sick.
Your Armour skill increases to level 3!
You feel sick. x3
You are no longer poisoned.
An ogre comes into view. It is wielding a +0 giant spiked club.
You start waiting.
An ogre is nearby!
You slash the ogre! You headbutt the ogre.
The ogre is heavily wounded.
The ogre hits you with a +0 giant spiked club!
You hit the ogre.
The ogre is heavily wounded.
The ogre hits you with a +0 giant spiked club!!
* * * LOW HITPOINT WARNING * * *
You barely miss the ogre. You headbutt the ogre.
The ogre is heavily wounded.
You hit the ogre.
The ogre is severely wounded.
The ogre hits you with a +0 giant spiked club!
You die...

### ..#### .. ..#
..... .. .. ##...O
#.######.# .+..?
#.#...##..#. ..
.#####.#.#.# #... .#
...<...#.#.# #.##.#
####.....#.# #.@O.#
.........#.####....#
.#######.#....#.#...#
#.####.#.###.... #.#
#...# ##... #<# #####
.... ### ... #.


You could see an ogre.

Vanquished Creatures
  Blork the orc (D:4)
  A scorpion (D:5)
  An orc priest (D:4)
  2 iguanas (D:4)
  6 orc wizards
  2 adders
  An ufetubus (D:3)
  A worm (D:4)
  A dart slug (D:2)
  10 orcs
  7 bats
  3 endoplasms (D:4)
  7 giant cockroaches
  7 hobgoblins
  11 kobolds
  4 quokkas
  11 ball pythons
  4 frilled lizards
  7 goblins
  9 rats
96 creatures vanquished.

Vanquished Creatures (others)
  An orc wizard (D:4)
1 creature vanquished.

Grand Total: 97 creatures vanquished

Notes
Turn   | Place    | Note
-------+----------+-------------------------------------------
     0 | D:1      | Chiseanne the Demonspawn Wanderer began the quest for the
                  | Orb.
     0 | D:1      | Chiseanne set off with the following items: a +3 falchion,
                  | a scroll of blinking, a +0 robe; and the following spell
                  | memorised: Slow; and the following spells available to
                  | memorise: Inner Flame.
     0 | D:1      | Reached XP level 1. HP: 16/16 MP: 3/3
   164 | D:1      | Gained mutation: You have a pair of small horns on your
                  | head. [demonic ancestry]
   164 | D:1      | Reached XP level 2. HP: 23/23 MP: 5/5
   477 | D:1      | Reached skill level 1 in Armour
   533 | D:1      | Found a faded altar of an unknown god.
   554 | D:1      | Gained mutation: You have an unusually large brain. (Int
                  | +2) [demonic ancestry]
   554 | D:1      | Reached XP level 3. HP: 28/28 MP: 6/6
  1083 | D:2      | Found Xafaol's Assorted Antiques.
  1676 | D:2      | Learned a level 1 spell: Freeze
  1737 | D:3      | Found Iteps's General Store.
  1771 | D:3      | Reached skill level 3 in Fighting
  1771 | D:3      | Gained mutation: You regenerate magic rapidly. [demonic
                  | ancestry]
  1771 | D:3      | Reached XP level 4. HP: 34/35 MP: 7/7
  1784 | D:3      | Gained mutation: You have hidden genetic potential. [potion
                  | of mutation]
  1784 | D:3      | Gained mutation: Your spells are a little harder to cast,
                  | but a little more powerful. [potion of mutation]
  2083 | D:3      | Identified a scroll of acquirement
  2083 | D:3      | Acquired the +0 pair of boots "Ufrouz" {rN+ Dex+3}
  2112 | D:3      | Found a sparkling altar of Nemelex Xobeh.
  2286 | D:3      | Reached skill level 1 in Ice Magic
  2713 | D:4      | Noticed a black bear
  2747 | D:3      | Gained mutation: A meltable shield of frost defends you.
                  | (SH +4) [demonic ancestry]
  2747 | D:3      | Reached XP level 5. HP: 28/41 MP: 8/8
  2897 | D:4      | Gained mutation: You are agile. (Dex +4, Str/Int -1)
                  | [hidden potential]
  3009 | D:4      | Gained mutation: You have an extremely huge brain. (Int +4)
                  | [demonic ancestry]
  3009 | D:4      | Reached XP level 6. HP: 37/48 MP: 10/10
  3114 | D:4      | Gained mutation: You have great hidden genetic potential.
                  | [hidden potential]
  3114 | D:4      | Lost mutation: You have great hidden genetic potential.
                  | [hidden potential expressed]
  3285 | D:4      | Noticed Blork the orc
  3295 | D:4      | Killed Blork the orc
  3296 | D:4      | Reached skill level 4 in Fighting
  3396 | D:4      | Identified the +2 hand axe of Efacuamu {flame, rF+ Int-3
                  | Dex+5}
  3531 | D:5      | Entered Level 5 of the Dungeon
  3630 | D:5      | Slain by an ogre

Illustrated notes

Levels and vault maps discovered:
D:1:      matt_arrival_los_fun, layout_loops_cross,
          ebering_ecumenical_altar_hall, nicolae_eternal_life
D:2:      layout_basic, serial_shops, shop, kennysheep_generic_room_12
D:3:      layout_loops_ring, mainiacjoe_overflow_large_starburst, serial_shops,
          shop, minivault_5
D:4:      layout_rooms, lemuel_round_altar, uniq_blork_the_orc
D:5:      layout_basic, old_standard_altar

Skill      XL: |  1  2  3  4  5  6 |
---------------+-------------------+-----
Armour         | 1 2 3 |  3.1
Dodging        | 2 |  2.1
Fighting       | 3 4 |  4.2
Ice Magic      | 1 2 |  2.4
Spellcasting   | 3 |  3.3
Long Blades    | |  3.6
Hexes          | |  1.0

Action                     |  1- 3 |  4- 6 || total
---------------------------+-------+-------++-------
  Melee: Falchion          |   149 |   136 ||   285
         Headbutt          |    16 |    18 ||    34
   Fire: Sling             |       |     2 ||     2
    Use: Scroll            |     4 |     7 ||    11
         Potion            |       |     4 ||     4
 Armour: Ring mail         |    61 |    56 ||   117
         Robe              |     1 |       ||     1
  Dodge: Dodged            |    74 |    75 ||   149
  Block: Other             |       |     8 ||     8
